 Dungeon Crawl Stone Soup version 0.29.0-4-gdea44cf6ec (webtiles) character file.

Game seed: 4776085382344028946

1066 qw the Chopper (level 8, -2/49 HPs)
             Began as a Gargoyle Fighter on Sept 10, 2022.
             Slain by a gnoll
             ... wielding a +0 whip
             ... led by a gnoll bouda
              (6 damage)
             ... on level 5 of the Dungeon.
             The game lasted 00:02:05 (5667 turns).

qw the Chopper (Gargoyle Fighter)                   Turns: 5667, Time: 00:02:06

Health: -2/49      AC: 21    Str: 21 (22) XL:     8   Next: 28%
Magic:  8/8        EV:  6    Int:  9      God:
Gold:   92         SH:  4    Dex:  9      Spells: 7/7 levels left

rFire   . . .      SeeInvis .   Y - +0 war axe
rCold   . . .      Faith    .   c - +0 buckler
rNeg    + . .      Spirit   .   j - +0 plate armour
rPois   inf        Reflect  .   (no helmet)
rElec   +          Harm     .   (no cloak)
rCorr   .          Rampage  .   (no gloves)
Will    .....                   (no boots)
Stlth   ..........              (no amulet)
HPRegen 0.16/turn               h - +4 ring of protection
MPRegen 0.11/turn               (no ring)

@: no status effects
A: sickness immunity, AC +5, negative energy resistance 1, electricity
resistance, torment resistance 1, petrification resistance
a: no special abilities


You were on level 5 of the Dungeon.
You visited 1 branch of the dungeon, and saw 5 of its levels.

You collected 206 gold pieces.
You spent 114 gold pieces at shops.


Innate Abilities, Weirdness & Mutations

You are immune to sickness and miasma.
Your stone body is resilient. (AC +5)
You are immune to poison.
You resist negative energy. (rN+)
You are resistant to electric shocks. (rElec)
You are resistant to unholy torment.
You are immune to petrification.


   Skills:
 - Level 5.0 Fighting
 + Level 7.6 Axes
 - Level 1.0 Throwing
 - Level 4.3 Armour
 - Level 1.0 Dodging
 - Level 3.2 Shields


You had 7 spell levels left.
You didn't know any spells.
Your spell library was empty.

Inventory:

Hand Weapons
 o - the +8 flail "Camitou" {vorpal, rC+ rCorr Str+4}
   (You found it on level 4 of the Dungeon)

   It inflicts extra damage upon your enemies.
   Str:       It affects your strength (+4).
   rC:        It protects you from cold.
   rCorr:     It protects you from acid and corrosion.
 Y - a +0 war axe (weapon)
Missiles
 f - 3 boomerangs (quivered)
Armour
 c - a +0 buckler (worn)
 j - a +0 plate armour (worn)
Jewellery
 h - a +4 ring of protection (left hand)
 n - a ring of flight
Scrolls
 a - a scroll of noise {unknown}
 b - a scroll of immolation {unknown}
 e - 3 scrolls of blinking
 l - a scroll of identify
Potions
 d - 3 potions of might
 i - a potion of lignification
 k - 3 potions of cancellation {unknown}
 m - a potion of brilliance {unknown}

Dungeon Overview and Level Annotations

Branches:
Dungeon (5/15)
 Temple: D:4-7

Altars:

Shops:
D:4 [?[


Message History

You kill the gnoll bouda!
The gnoll is no longer moving quickly.
The gnoll hits you from afar with a +0 halberd!
The gnoll completely misses you.
The gnoll is no longer moving quickly. x2; The gnoll hits you with a +0 halberd.
The gnoll hits you but does no damage.
Things that are here:
a +2 whip of pain; a +0 leather armour You barely miss the gnoll.
The gnoll is almost dead.
You hit the gnoll. The gnoll hits you but does no damage.
The gnoll hits you with a +3 spear.
You closely miss the gnoll.
The gnoll is almost dead.
You barely miss the gnoll.
The gnoll hits you but does no damage. x2
You hit the gnoll.
You kill the gnoll!
You hit the gnoll. The gnoll hits you but does no damage.
You completely miss the gnoll.
The gnoll is almost dead.
You closely miss the gnoll. The gnoll hits you with a +0 halberd.
The gnoll hits you with a +0 whip.
You closely miss the gnoll.
The gnoll is almost dead.
You closely miss the gnoll. The gnoll hits you but does no damage.
The gnoll hits you with a +0 whip. The gnoll barely misses you.
The gnoll hits you but does no damage.
You hit the gnoll.
You kill the gnoll!
You barely miss the gnoll. You block the gnoll's attack.
Your Dodging skill increases to level 1!
You barely miss the gnoll. The gnoll hits you but does no damage.
You slash the gnoll!
The gnoll is almost dead.
The gnoll hits you with a +0 whip.
You die...

#.#.#
#.....#####
##.#.#
##.#..######
.#.#.#
#.#.......#
.#.#.#
#.#.#####.#
.#.#.# #.#.#
.#...# #.#
.##### #.#
.# #.# .#
#@# .#
#)g.....# .#
#.#####.# .#
... .# ...
.# .#### .#
. )# ## .#


You could see a gnoll.

Vanquished Creatures
  Menkaure (D:4)
  A water moccasin (D:5)
  A black bear (D:4)
  A scorpion (D:5)
  2 hounds (D:5)
  2 orc priests
  2 gnoll boudas
  An orc wizard (D:5)
  Natasha (thrice) (D:2)
  2 iguanas
  14 gnolls
  9 adders
  2 worms (D:2)
  3 dart slugs
  19 orcs
  4 ball pythons
  9 endoplasms
  6 goblins
  4 hobgoblins
  9 kobolds
  4 quokkas
  5 bats
  6 frilled lizards
  3 rats (D:2)
113 creatures vanquished.

Vanquished Creatures (others)
  An orc wizard (D:3)
1 creature vanquished.

Grand Total: 114 creatures vanquished

Notes
Turn   | Place    | Note
-------+----------+-------------------------------------------
     0 | D:1      | qw the Gargoyle Fighter began the quest for the Orb.
     0 | D:1      | Reached XP level 1. HP: 14/14 MP: 1/1
     0 | D:1      | 0 ||| qw: Version: 0.1-a-116-g5d60599
     0 | D:1      | 0 ||| qw: Game counter: 7422
     0 | D:1      | 0 ||| qw: Always use a shield: true
     0 | D:1      | 0 ||| qw: God list: Okawaru
     0 | D:1      | 0 ||| qw: Allow faded altars: false
     0 | D:1      | 0 ||| qw: Do Orc after D:15 true
     0 | D:1      | 0 ||| qw: Do second Lair branch before Depths: true
     0 | D:1      | 0 ||| qw: Lair rune preference: random
     0 | D:1      | 0 ||| qw: Plans: Normal, Zot, God:TSO, Crypt, Tomb, Zig,
                  | Orb
     0 | D:1      | 0 ||| PLANNING D:1-11
    88 | D:1      | Reached skill level 2 in Axes
   158 | D:1      | 158 ||| Stepping ~*~*~tactically~*~*~ (stealth).
   170 | D:1      | Reached XP level 2. HP: 13/19 MP: 2/2
   261 | D:1      | Found a faded altar of an unknown god.
   433 | D:1      | 433 ||| Stepping ~*~*~tactically~*~*~ (stealth).
   635 | D:1      | 635 ||| DROPPING +0 club.
   719 | D:1      | 719 ||| UPGRADING to +0 plate armour.
   729 | D:1      | 729 ||| DROPPING +0 scale mail.
   730 | D:1      | 730 ||| READING scroll labelled DIAVUIGREUMMYR.
   731 | D:1      | 731 ||| READING scroll labelled OMIABU VIAMON.
   732 | D:1      | 732 ||| READING scroll labelled JYUPOITWYA.
   733 | D:1      | 733 ||| DRINKING 2 emerald potions.
   752 | D:2      | Reached skill level 3 in Axes
   772 | D:2      | Reached XP level 3. HP: 22/23 MP: 3/3
   781 | D:2      | 781 ||| DROPPING +0 whip.
  1146 | D:2      | Noticed Natasha
  1147 | D:2      | 1147 ||| Stepping ~*~*~tactically~*~*~ (hiding).
  1155 | D:2      | Killed Natasha
  1156 | D:2      | Reached skill level 4 in Axes
  1156 | D:2      | Reached XP level 4. HP: 28/28 MP: 4/4
  1304 | D:2      | 1304 ||| Stepping ~*~*~tactically~*~*~ (stealth).
  1305 | D:2      | 1305 ||| Stepping ~*~*~tactically~*~*~ (stealth).
  1318 | D:2      | 1318 ||| Stepping ~*~*~tactically~*~*~ (stealth).
  1332 | D:2      | 1332 ||| Stepping ~*~*~tactically~*~*~ (stealth).
  1333 | D:2      | 1333 ||| Stepping ~*~*~tactically~*~*~ (stealth).
  1377 | D:2      | 1377 ||| Stepping ~*~*~tactically~*~*~ (stealth).
  1379 | D:2      | 1379 ||| Stepping ~*~*~tactically~*~*~ (stealth).
  1380 | D:2      | 1380 ||| Stepping ~*~*~tactically~*~*~ (stealth).
  1469 | D:2      | Reached XP level 5. HP: 27/32 MP: 5/5
  1532 | D:2      | Noticed Natasha
  1533 | D:2      | 1533 ||| Stepping ~*~*~tactically~*~*~ (stealth).
  1536 | D:2      | 1536 ||| Stepping ~*~*~tactically~*~*~ (stealth).
  1546 | D:2      | Killed Natasha
  1638 | D:2      | 1638 ||| Stepping ~*~*~tactically~*~*~ (stealth).
  1639 | D:2      | 1639 ||| Stepping ~*~*~tactically~*~*~ (stealth).
  1755 | D:2      | Noticed Natasha
  1756 | D:2      | 1756 ||| Stepping ~*~*~tactically~*~*~ (stealth).
  1757 | D:2      | 1757 ||| Stepping ~*~*~tactically~*~*~ (stealth).
  1764 | D:2      | Killed Natasha
  1765 | D:2      | Reached skill level 5 in Axes
  1788 | D:2      | 1788 ||| Stepping ~*~*~tactically~*~*~ (hiding).
  1810 | D:2      | 1810 ||| Stepping ~*~*~tactically~*~*~ (stealth).
  1811 | D:2      | 1811 ||| Stepping ~*~*~tactically~*~*~ (stealth).
  1812 | D:2      | 1812 ||| Stepping ~*~*~tactically~*~*~ (stealth).
  1813 | D:2      | 1813 ||| Stepping ~*~*~tactically~*~*~ (stealth).
  1815 | D:2      | 1815 ||| Stepping ~*~*~tactically~*~*~ (stealth).
  1830 | D:2      | 1830 ||| Stepping ~*~*~tactically~*~*~ (stealth).
  1921 | D:2      | 1921 ||| Stepping ~*~*~tactically~*~*~ (stealth).
  1922 | D:2      | 1922 ||| Stepping ~*~*~tactically~*~*~ (stealth).
  1944 | D:2      | 1944 ||| READING 3 scrolls labelled XEAREUL BIPEXO.
  1945 | D:2      | 1945 ||| READING scroll labelled CEG CAEKAA.
  1946 | D:2      | 1946 ||| READING scroll labelled XEATIY PEIDYH.
  2059 | D:3      | 2059 ||| FLEEEEING.
  2116 | D:3      | 2116 ||| DRINKING potion of curing.
  2116 | D:3      | 2116 ||| (to cure confusion)
  2124 | D:3      | HP: 8/33 [orc priest/+0 flail (5)]
  2127 | D:3      | Reached XP level 6. HP: 10/39 MP: 6/6
  2351 | D:3      | 2351 ||| DROPPING +0 whip of flaming.
  2440 | D:3      | 2440 ||| Stepping ~*~*~tactically~*~*~ (hiding).
  2559 | D:3      | Identified the +3 leather armour "Arhohol" {Drain Fly rN+++
                  | MP+9}
  2758 | D:3      | 2758 ||| UPGRADING to +4 ring of protection.
  2843 | D:4      | Noticed a black bear
  2844 | D:4      | 2844 ||| STAIRDANCE
  2869 | D:4      | Killed a black bear
  2870 | D:4      | 2870 ||| STAIRDANCE
  3059 | D:4      | Identified the +8 flail "Camitou" {vorpal, rC+ rCorr Str+4}
  3061 | D:4      | 3061 ||| DROPPING +0 flail.
  3144 | D:4      | Reached skill level 6 in Axes
  3307 | D:4      | Found Usaivuabi's Antique Armour Emporium.
  3316 | D:4      | 3316 ||| SHOPLISTING glowing tower shield (225 gold, have
                  | 113).
  3316 | D:4      | 3316 ||| SHOPLISTING pair of gloves (135 gold, have 113).
  3349 | D:4      | Found Torocimn's Magic Scroll Emporium.
  3356 | D:4      | 3356 ||| BUYING scroll of blinking (90 gold).
  3356 | D:4      | Bought a scroll of blinking for 90 gold pieces
  3356 | D:4      | 3356 ||| SHOPLISTING scroll of blinking (90 gold, have 30).
  3356 | D:4      | 3356 ||| SHOPLISTING scroll of enchant armour (90 gold,
                  | have 30).
  3356 | D:4      | 3356 ||| BUYING scroll of identify (24 gold).
  3356 | D:4      | Bought a scroll of identify for 24 gold pieces
  3356 | D:4      | 3356 ||| SHOPLISTING scroll of identify (24 gold, have 6).
  3378 | D:4      | Reached XP level 7. HP: 44/44 MP: 7/7
  3451 | D:4      | Noticed Menkaure
  3460 | D:4      | Killed Menkaure
  3740 | D:4      | 3740 ||| Stepping ~*~*~tactically~*~*~ (stealth).
  3757 | D:4      | Reached skill level 7 in Axes
  3759 | D:4      | HP: 10/44 [gnoll/+0 spear[a gnoll bouda] (3)]
  4296 | D:4      | Found Seuron's Armour Shoppe.
  4299 | D:4      | 4299 ||| SHOPLISTING +0 kite shield (63 gold, have 15).
  4299 | D:4      | 4299 ||| SHOPLISTING +0 pair of gloves (63 gold, have 15).
  4320 | D:4      | 4320 ||| READING scroll labelled KAMEAKHLUTYE.
  4321 | D:4      | 4321 ||| READING scroll labelled CIATSO BEITIE.
  4326 | D:4      | 4326 ||| DRINKING 2 bubbling emerald potions.
  4327 | D:4      | 4327 ||| DRINKING 2 fizzy ruby potions.
  4328 | D:4      | 4328 ||| READING 2 scrolls of identify.
  4328 | D:4      | 4328 ||| IDENTIFYING orange potion
  4329 | D:4      | 4329 ||| DROPPING potion of degeneration.
  4330 | D:4      | 4330 ||| DROPPING potion of invisibility.
  4331 | D:4      | 4331 ||| DROPPING potion of flight.
  4347 | D:5      | Entered Level 5 of the Dungeon
  4349 | D:5      | 4349 ||| Stepping ~*~*~tactically~*~*~ (stealth).
  4470 | D:5      | Reached XP level 8. HP: 39/49 MP: 8/8
  4472 | D:5      | 4472 ||| FLEEEEING.
  4473 | D:5      | 4473 ||| FLEEEEING.
  4474 | D:5      | 4474 ||| FLEEEEING.
  4475 | D:5      | 4475 ||| FLEEEEING.
  4476 | D:5      | 4476 ||| FLEEEEING.
  4477 | D:5      | 4477 ||| FLEEEEING.
  4478 | D:5      | 4478 ||| FLEEEEING.
  4479 | D:5      | 4479 ||| FLEEEEING.
  4480 | D:5      | 4480 ||| FLEEEEING.
  4481 | D:5      | 4481 ||| FLEEEEING.
  4482 | D:5      | 4482 ||| FLEEEEING.
  4483 | D:5      | 4483 ||| FLEEEEING.
  4484 | D:5      | 4484 ||| FLEEEEING.
  4485 | D:5      | 4485 ||| FLEEEEING.
  4486 | D:5      | 4486 ||| FLEEEEING.
  4487 | D:5      | 4487 ||| FLEEEEING.
  4488 | D:5      | 4488 ||| FLEEEEING.
  4489 | D:5      | 4489 ||| FLEEEEING.
  4490 | D:5      | 4490 ||| FLEEEEING.
  4491 | D:5      | 4491 ||| FLEEEEING.
  4492 | D:5      | 4492 ||| FLEEEEING.
  4493 | D:5      | 4493 ||| FLEEEEING.
  4494 | D:5      | 4494 ||| FLEEEEING.
  4495 | D:5      | 4495 ||| FLEEEEING.
  4496 | D:5      | 4496 ||| STAIRDANCE
  4530 | D:4      | 4530 ||| READING 2 scrolls of identify.
  4530 | D:4      | 4530 ||| IDENTIFYING sedimented cyan potion
  4984 | D:5      | HP: 8/49 [orc priest/divine providence (15)]
  5484 | D:5      | 5484 ||| Stepping ~*~*~tactically~*~*~ (hiding).
  5497 | D:5      | 5497 ||| DRINKING 2 potions of curing.
  5497 | D:5      | 5497 ||| (to cure confusion)
  5500 | D:5      | 5500 ||| DRINKING potion of curing.
  5500 | D:5      | 5500 ||| (to cure confusion)
  5503 | D:5      | Reached skill level 1 in Throwing
  5660 | D:5      | HP: 11/49 [gnoll/+3 spear[a gnoll bouda] (2)]
  5663 | D:5      | HP: 5/49 [gnoll/+0 whip[a gnoll bouda] (1)]
  5666 | D:5      | Reached skill level 1 in Dodging
  5667 | D:5      | Slain by a gnoll

Levels and vault maps discovered:
D:1:      denvon_arrival_waterhouse, layout_rooms,
          ebering_ecumenical_altar_hall, minmay_misc_feat_enclosed,
          reono_crystal_passage
D:2:      minmay_recursive_quarters, layout_basic, uniq_natasha
D:3:      layout_rooms
D:4:      layout_cave_pods, serial_shops, nicolae_square_shop, shop,
          kennysheep_mini, uniq_menkaure
D:5:      layout_basic

Skill      XL: |  1  2  3  4  5  6  7  8 |
---------------+-------------------------+-----
Axes           | 2 3 4 5 6 7 |  7.6
Fighting       | 4 5 |  5.0
Armour         | 4 |  4.3
Throwing       | 1 |  1.0
Dodging        | 1 |  1.0
Shields        | |  3.2

Action                   |  1- 3 |  4- 6 |  7- 9 || total
-------------------------+-------+-------+-------++-------
Melee: War axe           |    78 |   168 |   153 ||   399
Throw: Boomerang         |       |    13 |     6 ||    19
  Use: Scroll            |     3 |     3 |     4 ||    10
       Potion            |     1 |     1 |     4 ||     6
Armor: Scale mail        |    20 |       |       ||    20
       Plate armour      |    27 |   143 |   124 ||   294
Dodge: Dodged            |    33 |    67 |    35 ||   135
Block: Buckler           |    14 |    41 |    43 ||    98

Table legend:
 A = Non-vault XP
 B = Vault XP
 C = Vault XP percentage of total XP
 D = Non-vault monster count
 E = Vault monster count
 F = Vault count percentage of total count
                 A         B        C        D         E       F
            +---------+---------+-------+---------+---------+-------
      Total |    1301 |     223 |  14.6 |     105 |       9 |   7.9
            +---------+---------+-------+---------+---------+-------
        D:1 |      26 |       0 |   0.0 |      16 |       0 |   0.0
        D:2 |     173 |      51 |  22.8 |      24 |       8 |  25.0
        D:3 |     144 |       0 |   0.0 |      15 |       0 |   0.0
        D:4 |     383 |     172 |  31.0 |      24 |       1 |   4.0
        D:5 |     575 |       0 |   0.0 |      26 |       0 |   0.0
            +---------+---------+-------+---------+---------+-------
